 Dungeon Crawl Stone Soup version 0.31-a0-983-g7b6862f502 (webtiles) character file.

Game seed: 13853540977981941088

242 billz999 the Grave Robber (level 5, -7/35 HPs)
             Began as a Demonspawn Necromancer on Aug 11, 2023.
             Mangled by Sigmund
             ... wielding a +0 scythe
              (9 damage)
             ... on level 3 of the Dungeon on Nov 2, 2023.
             The game lasted 00:07:35 (3242 turns).

billz999 the Grave Robber (Demonspawn Necromancer)  Turns: 3242, Time: 00:07:36

Health: -7/35      AC:  2    Str:  8    XL:     5   Next: 81%
Magic:  3/11       EV: 12    Int: 18    God:
Gold:   123        SH:  0    Dex: 14    Spells: 4/12 levels left

rFire   . . .        d - +0 whip
rCold   . . .        (no shield)
rNeg    . . .        a - +0 robe
rPois   .            (no helmet)
rElec   .            (no cloak)
rCorr   +            (no gloves)
SInv    .            (no boots)
Will    .....        (no amulet)
Stlth   ++           h - ring of resist corrosion
HPRegen 0.25/turn    (no ring)
MPRegen 0.12/turn

%: no passive effects
@: attractive, animating dead (expiring)
A: claws 2
a: no special abilities


You were on level 3 of the Dungeon.
You visited 1 branch of the dungeon, and saw 4 of its levels.

You collected 123 gold pieces.

Inventory:

Hand Weapons
 d - a +0 whip (weapon)
Armour
 a - a +0 robe (worn)
 n - a +2 pair of gloves
Jewellery
 h - a ring of resist corrosion (left claw)
Scrolls
 e - a scroll of enchant weapon {unknown}
 f - a scroll of enchant armour {unknown}
 g - a scroll of teleportation {unknown}
 i - 3 scrolls of blinking {unknown}
 j - a scroll of noise {unknown}
 k - 2 scrolls of identify {unknown}
 m - a scroll of fear {unknown}
Potions
 b - a potion of magic


   Skills:
 - Level 1.7 Dodging
 - Level 1.7 Stealth
 + Level 4.2 Spellcasting
 + Level 6.3 Necromancy


You had 4 spell levels left.
You knew the following spells:

 Your Spells              Type           Power      Damage    Failure   Level
a - Necrotise             Necr           100%       1d9       1%          1
b - Vampiric Draining     Necr           26%        2d7       3%          3
c - Animate Dead          Necr           26%        N/A       11%         4

Your spell library contained the following spells:

 Spells                   Type           Power      Damage    Failure   Level
 Agony                    Necr           26%        N/A       28%         5


Dungeon Overview and Level Annotations

Branches:
Dungeon (4/15)
 Temple: D:4-7

Altars:

Annotations:
D:3 Sigmund


Innate Abilities, Weirdness & Mutations

You have very sharp fingernails.


Message History

Aim: Sigmund, wielding a +0 scythe and wearing a +0 robe (lightly wounded, chance to affect: 88%) Sigmund writhes in agony.
Unknown command.
Casting: Necrotise (safe; 1% risk of failure)
Confirm with . or Enter, or press ? or * to list all spells.
Aiming: Necrotise (safe; 1% risk of failure)
Press: ? - help, Shift-Dir - straight line, f/p - Sigmund
Aim: Sigmund, wielding a +0 scythe and wearing a +0 robe (moderately wounded, chance to affect: 88%) Sigmund barely resists.
Sigmund mumbles some strange words.
Sigmund flickers and vanishes!
Deactivating autopickup; reactivate with Ctrl-A.
You aren't carrying any items that you can evoke.
It was a potion of attraction.
You feel attractive to monsters. Something hits you.
Something is attracted toward you.
You hear some strange, mumbled words.
A puff of flame appears from out of thin air!
The puff of flame hits you.
There is an open door here.
Casting: Necrotise (safe; 1% risk of failure)
Confirm with . or Enter, or press ? or * to list all spells.
Aiming: Necrotise (safe; 1% risk of failure)
Press: ? - help, Shift-Dir - straight line Something writhes in agony.
Something hits you.
Unknown command.
Something is attracted toward you. Something hits you!
Something is attracted toward you. Something hits you but does no damage.
Something is attracted toward you. Something is attracted toward you.
Something hits you. Something is attracted toward you. Something hits you!
* * * LOW HITPOINT WARNING * * *
Something is attracted toward you. Something is attracted toward you.
You feel better. Something hits you!
* * * LOW HITPOINT WARNING * * *
Your reaping aura is weakening.
Something hits you!
You die...

######### #.......#
#.#####.#####
#.#...#.....# ###
#.#.#.#####.# ..#
#.#.#.#####.#
#..####.####.#.#.......#
..⌠.⌠........#.#########
..#@###..#÷# ##
#.###..#.########.
#..§§..#.......##.
#####.##.......##.
#§##.......##.
#§##.#########
########'##.....K....
.........).)#########
######.......#..S...#


There were no monsters in sight!

Vanquished Creatures
  A scorpion (D:4)
  A hound (D:4)
  Terence (D:3)
  5 adders
  2 gnolls (D:3)
  A dart slug (D:1)
  An orc (D:3)
  2 endoplasms
  3 giant cockroaches
  8 goblins
  8 hobgoblins
  5 jackals
  3 quokkas
  3 ball pythons
  4 bats
  5 frilled lizards
  5 kobolds
  6 rats
64 creatures vanquished.

Vanquished Creatures (collateral kills)
  A goblin (D:1)
  A ball python (D:3)
  A frilled lizard (D:1)
3 creatures vanquished.

Vanquished Creatures (others)
  A frilled lizard zombie (D:3)
1 creature vanquished.

Grand Total: 68 creatures vanquished

Notes
Turn   | Place    | Note
-------+----------+-------------------------------------------
     0 | D:1      | billz999 the Demonspawn Necromancer began the quest for the
                  | Orb.
     0 | D:1      | Reached XP level 1. HP: 13/13 MP: 3/3
   263 | D:1      | Gained mutation: You have sharp fingernails. [demonic
                  | ancestry]
   263 | D:1      | Reached XP level 2. HP: 19/19 MP: 0/5
  1037 | D:2      | Reached skill level 5 in Necromancy
  1037 | D:2      | Gained mutation: You have very sharp fingernails. [demonic
                  | ancestry]
  1037 | D:2      | Reached XP level 3. HP: 18/24 MP: 1/7
  1514 | D:2      | Reached XP level 4. HP: 30/30 MP: 5/8
  1555 | D:2      | Learned a level 3 spell: Vampiric Draining
  1560 | D:2      | Learned a level 4 spell: Animate Dead
  2637 | D:4      | Noticed a scorpion
  2639 | D:4      | Killed a scorpion
  2640 | D:4      | Reached XP level 5. HP: 35/35 MP: 3/10
  2702 | D:4      | Noticed an ogre
  2704 | D:4      | Reached skill level 6 in Necromancy
  2876 | D:3      | Noticed Terence
  2880 | D:3      | Killed Terence
  2880 | D:3      | Noticed Sigmund
  3175 | D:3      | Upgraded the game from 0.31-a0-523-g071a6c1ffa to
                  | 0.31-a0-983-g7b6862f502
  3241 | D:3      | HP: 1/35 [something (12)]
  3242 | D:3      | Mangled by Sigmund

Illustrated notes

Levels and vault maps discovered:
D:1:      eino_arrival_water_star, layout_loops_ring, minmay_misc_feat_encased
D:2:      layout_basic, serial_bayou_ford_a, minmay_hexomino_c4
D:3:      layout_basic, serial_shops, shop_fountains, uniq_terence, uniq_sigmund
D:4:      layout_basic, jmf_multi_god_temple

Skill      XL: |  1  2  3  4  5 |
---------------+----------------+-----
Necromancy     | 5 6 |  6.3
Spellcasting   | 3 4 |  4.2
Dodging        | |  1.7
Stealth        | |  1.7

Action                     |  1- 3 |  4- 6 || total
---------------------------+-------+-------++-------
  Melee: Unarmed           |     8 |       ||     8
         Whip              |     8 |     9 ||    17
   Cast: Necrotise         |    56 |    48 ||   104
         Vampiric Draining |       |    10 ||    10
         Animate Dead      |       |     3 ||     3
    Use: Potion            |       |     3 ||     3
 Armour: Robe              |     3 |    22 ||    25
  Dodge: Dodged            |    24 |    26 ||    50

Table legend: (Time is in decaauts)
 A = Elapsed time spent in this place.
 B = Non-inter-level travel time spent in this place.
 C = Inter-level travel time spent in this place.
 D = Time resting spent in this place.
 E = Time spent auto-exploring this place.
 F = Levels seen in this place.
 G = Mean time per level.
                   A        B        C        D        E       F      G
               +--------+--------+--------+--------+--------+-----+--------+
         Total |   3253 |   3192 |     61 |    176 |   2550 |   4 |  813.2 |
       Dungeon |   3253 |   3192 |     61 |    176 |   2550 |   4 |  813.2 |
               +--------+--------+--------+--------+--------+-----+--------+

Top non-repeatable levels by time:
     D:2: 1145 daAuts
     D:3: 1010 daAuts
     D:1: 994 daAuts
     D:4: 102 daAuts
